 Dungeon Crawl Stone Soup version 0.29.0-4-gdea44cf6ec (webtiles) character file.

Game seed: 5561725435394084985

201 qw the Chopper (level 5, 0/42 HPs)
             Began as a Barachi Chaos Knight on Sept 6, 2022.
             Slain by a gnoll
             ... wielding a +0 halberd
              (12 damage)
             ... on level 3 of the Dungeon.
             The game lasted 00:01:20 (2856 turns).

qw the Chopper (Barachi Chaos Knight)               Turns: 2856, Time: 00:01:20

Health: 0/42       AC:  7    Str: 18 (20) XL:     5   Next: 79%
Magic:  5/5        EV: 10    Int:  9      God:
Gold:   110        SH:  5    Dex: 11      Spells: 4/4 levels left

rFire   + + +      SeeInvis .   Y - +3 hand axe (chaos)
rCold   + . .      Faith    .   (no shield)
rNeg    . . .      Spirit   .   m - +0 ring mail
rPois   +          Reflect  +   a - +1 helmet "Amabuol" {rPois rF+++ Str+4 Int-3}
rElec   .          Harm     .   (no cloak)
rCorr   .          Rampage  .   (no gloves)
Will    +....      Clarity  +   (no boots)
Stlth   +.........              j - amulet of reflection
HPRegen 0.14/turn               i - ring of willpower
MPRegen 0.09/turn               (no ring)

@: slow
A: amphibious, slowness 1, strong legs 1, +LOS, clarity, cold resistance 1
a: Hop


You were on level 3 of the Dungeon.
You visited 1 branch of the dungeon, and saw 3 of its levels.

You collected 110 gold pieces.


Innate Abilities, Weirdness & Mutations

You are amphibious.
You cover ground slowly.
You can hop short distances.
You have an extended range of vision and can be seen from far away.
You possess an exceptional clarity of mind.
Your flesh is cold resistant. (rC+)


   Skills:
 - Level 4.1 Fighting
 + Level 6.6 Axes
 - Level 2.4 Armour
 - Level 1.1 Dodging


You had 4 spell levels left.
You didn't know any spells.
Your spell library was empty.

Inventory:

Hand Weapons
 d - a +0 flail
 Y - a +3 hand axe of chaos (weapon)
Missiles
 k - 3 boomerangs (quivered)
Armour
 a - the +1 helmet "Amabuol" (worn) {rPois rF+++ Str+4 Int-3}
   (You acquired it on level 1 of the Dungeon)

   Str:       It affects your strength (+4).
   Int:       It affects your intelligence (-3).
   rF:        It renders you almost immune to fire.
   rPois:     It protects you from poison.
 b - the +0 leather armour "Larorij" {*Corrode +Blink Str-3 Int+10}
   (You found it on level 3 of the Dungeon)

   Str:       It affects your strength (-3).
   Int:       It affects your intelligence (+10).
   +Blink:    It lets you blink.
   *Corrode:  It may corrode you when you take damage.
 m - a +0 ring mail (worn)
Jewellery
 i - a ring of willpower (left hand)
 j - an amulet of reflection (around neck)
Scrolls
 f - a scroll of identify
 h - a scroll of enchant armour
Potions
 e - a potion of heal wounds
 g - 3 potions of curing
 l - 2 potions of mutation
 n - a potion of magic {unknown}
Miscellaneous
 c - a piece from Xom's chessboard (15/15)

Dungeon Overview and Level Annotations

Branches:
Dungeon (3/15)

Altars:
Uskayaw

Shops:
D:1 *


Message History

You feel sick.
You start resting.
You feel sick. x2
A gnoll is nearby!
2766 ||| Stepping ~*~*~tactically~*~*~ (stealth).
You feel sick.
You are no longer poisoned.
You start resting.
A bat is nearby!
Throw: 3 boomerangs
Press: ? - help, Q - select action Shift-Dir - straight line, f - bat You throw a boomerang.
The boomerang hits the bat.
You kill the bat!
You start resting.
HP restored.
h - a scroll of enchant armour
Found a stone staircase leading down.
l - 2 potions of mutation A gnoll comes into view.
It is wielding a +0 halberd.
The gnoll shouts!
2842 ||| Stepping ~*~*~tactically~*~*~ (hiding).
You start waiting.
A gnoll is nearby!
2850 ||| Stepping ~*~*~tactically~*~*~ (hiding).
A gnoll comes into view. It is wielding a +0 whip.
The gnoll closely misses you. You block the gnoll's attack.
You barely miss the gnoll. The gnoll hits you with a +0 halberd!
You hit the gnoll.
The gnoll goes berserk!
The gnoll is heavily wounded.
The gnoll hits you with a +0 halberd! x2
You hit the gnoll. You burn the gnoll.
The gnoll is severely wounded.
The gnoll hits you with a +0 halberd.
You barely miss the gnoll.
The gnoll is severely wounded.
The gnoll hits you with a +0 halberd!
You die... "What!?
That's it?"

#.. #.# #.###
.>..#.# #...#.#
###...#.#
#.....#.#
#...#.#.#.#
......##@#.#.#
.......+.g#.#.#
.g.....##.#<#.#
........%.....###
........#....%..#
........#.#####.#
........#.# #.#
.....).#.# #.#
.......#.# #.#


You could see a gnoll (berserk).

Vanquished Creatures
  Natasha (thrice) (D:2)
  Robin (D:2)
  5 adders
  2 worms (D:2)
  A dart slug (D:1)
  An orc (D:3)
  2 ball pythons (D:1)
  2 endoplasms (D:2)
  5 giant cockroaches
  11 goblins
  9 hobgoblins
  3 jackals (D:1)
  2 quokkas
  4 bats
  4 frilled lizards
  3 kobolds
  5 rats
63 creatures vanquished.

Vanquished Creatures (others)
  A goblin zombie (D:2)
1 creature vanquished.

Grand Total: 64 creatures vanquished

Notes
Turn   | Place    | Note
-------+----------+-------------------------------------------
     0 | D:1      | qw the Barachi Chaos Knight began the quest for the Orb.
     0 | D:1      | Reached XP level 1. HP: 18/18 MP: 1/1
     0 | D:1      | 0 ||| qw: Version: 0.1-a-108-g9e35731
     0 | D:1      | 0 ||| qw: Game counter: 6356
     0 | D:1      | 0 ||| qw: Always use a shield: true
     0 | D:1      | 0 ||| qw: God list: Okawaru
     0 | D:1      | 0 ||| qw: Allow faded altars: false
     0 | D:1      | 0 ||| qw: Do Orc after D:15 true
     0 | D:1      | 0 ||| qw: Do second Lair branch before Depths: true
     0 | D:1      | 0 ||| qw: Lair rune preference: random
     0 | D:1      | 0 ||| qw: Plans: Normal
     0 | D:1      | 0 ||| PLANNING D:1-11
     0 | D:1      | Fell from the grace of Xom
   137 | D:1      | 137 ||| Stepping ~*~*~tactically~*~*~ (stealth).
   139 | D:1      | 139 ||| Stepping ~*~*~tactically~*~*~ (stealth).
   156 | D:1      | Reached XP level 2. HP: 15/24 MP: 2/2
   161 | D:1      | Reached skill level 4 in Axes
   340 | D:1      | XOM: scenery: 2 doors close
   429 | D:1      | XOM: stat loss: -2 Dex (9/11)
   521 | D:1      | Found Igrul's General Store.
   525 | D:1      | 525 ||| SHOPLISTING +2 ring mail of cold resistance (294
                  | gold, have 26).
   525 | D:1      | 525 ||| SHOPLISTING scroll of brand weapon (133 gold, have
                  | 26).
   525 | D:1      | 525 ||| SHOPLISTING scroll of enchant armour (105 gold,
                  | have 26).
   587 | D:1      | Found a faded altar of an unknown god.
   927 | D:1      | 927 ||| UPGRADING to +0 ring mail.
   937 | D:1      | 937 ||| DROPPING +2 leather armour.
   938 | D:1      | 938 ||| UPGRADING to +2 hat.
   943 | D:1      | 943 ||| READING scroll labelled JABLORETAC.
   944 | D:1      | 944 ||| READING scroll labelled XASTREA IVVA.
   944 | D:1      | Identified a scroll of acquirement
   944 | D:1      | 944 ||| ACQUIRING +1 helmet "Amabuol" {rPois rF+++ Str+4
                  | Int-3}
   944 | D:1      | Acquired the +1 helmet "Amabuol" {rPois rF+++ Str+4 Int-3}
   946 | D:1      | 946 ||| UPGRADING to +1 helmet "Amabuol" {rPois rF+++ Str+4
                  | Int-3}.
   956 | D:1      | 956 ||| DROPPING +2 hat.
   957 | D:1      | 957 ||| READING 2 scrolls labelled AKIWNATEOST.
   958 | D:1      | 958 ||| READING 2 scrolls labelled KOAX ZUSCHA.
   959 | D:1      | 959 ||| READING scroll labelled KEGOSCH ARUE.
   960 | D:1      | 960 ||| READING scroll labelled BAECICR FYPSUE.
   961 | D:1      | 961 ||| DROPPING scroll of noise.
  1006 | D:2      | Reached XP level 3. HP: 27/29 MP: 3/3
  1068 | D:2      | 1068 ||| READING scroll of enchant weapon.
  1068 | D:2      | 1068 ||| ENCHANTING +1 hand axe of chaos.
  1069 | D:2      | XOM: give mutations
  1069 | D:2      | Gained mutation: You are strong-willed. (Will+) [Xom's
                  | mischief]
  1069 | D:2      | Gained mutation: You are clumsy. (Dex -2) [Xom's mischief]
  1137 | D:2      | Reached skill level 5 in Axes
  1327 | D:2      | Found a hide-covered altar of Uskayaw.
  1367 | D:2      | XOM: polymorph quokka -> frilled lizard
  1490 | D:2      | 1490 ||| Stepping ~*~*~tactically~*~*~ (stealth).
  1492 | D:2      | 1492 ||| Stepping ~*~*~tactically~*~*~ (stealth).
  1494 | D:2      | 1494 ||| Stepping ~*~*~tactically~*~*~ (stealth).
  1503 | D:2      | Reached XP level 4. HP: 33/36 MP: 4/4
  1541 | D:2      | 1541 ||| Stepping ~*~*~tactically~*~*~ (stealth).
  1778 | D:2      | Noticed Robin
  1779 | D:2      | 1779 ||| Stepping ~*~*~tactically~*~*~ (stealth).
  1790 | D:2      | 1790 ||| Stepping ~*~*~tactically~*~*~ (stealth).
  1803 | D:2      | Killed Robin
  1920 | D:2      | 1920 ||| DROPPING +0 club.
  1921 | D:2      | 1921 ||| Stepping ~*~*~tactically~*~*~ (stealth).
  1939 | D:2      | XOM: stat loss: -3 Dex (6/9)
  1942 | D:2      | 1942 ||| READING scroll of enchant weapon.
  1942 | D:2      | 1942 ||| ENCHANTING +2 hand axe of chaos.
  1975 | D:2      | Reached skill level 6 in Axes
  2025 | D:2      | Noticed Natasha
  2026 | D:2      | 2026 ||| Stepping ~*~*~tactically~*~*~ (hiding).
  2034 | D:2      | Killed Natasha
  2035 | D:2      | Reached XP level 5. HP: 35/42 MP: 5/5
  2102 | D:2      | Noticed Natasha
  2103 | D:2      | 2103 ||| Stepping ~*~*~tactically~*~*~ (stealth).
  2104 | D:2      | 2104 ||| Stepping ~*~*~tactically~*~*~ (stealth).
  2107 | D:2      | Killed Natasha
  2107 | D:2      | Noticed Natasha
  2126 | D:2      | Killed Natasha
  2302 | D:2      | XOM: give mutations
  2302 | D:2      | Gained mutation: You have large cloven feet. [Xom's
                  | mischief]
  2302 | D:2      | Gained mutation: You are frail. (-10% HP) [Xom's mischief]
  2302 | D:2      | Gained mutation: Your magical capacity is low. (-10% MP)
                  | [Xom's mischief]
  2302 | D:2      | Lost mutation: You have large cloven feet. [Xom's mischief]
  2384 | D:2      | XOM: stat loss: -2 Str (18/20)
  2523 | D:2      | 2523 ||| UPGRADING to amulet of reflection.
  2528 | D:2      | 2528 ||| UPGRADING to ring of willpower.
  2529 | D:2      | 2529 ||| READING scroll labelled TYBEUM DIECE.
  2530 | D:2      | 2530 ||| DRINKING 2 brown potions.
  2531 | D:2      | 2531 ||| DRINKING 2 viscous white potions.
  2532 | D:2      | 2532 ||| DRINKING 2 silvery potions.
  2532 | D:2      | Lost mutation: Your magical capacity is low. (-10% MP)
                  | [potion of mutation]
  2532 | D:2      | Lost mutation: You are clumsy. (Dex -2) [potion of
                  | mutation]
  2533 | D:2      | 2533 ||| DRINKING potion of mutation.
  2533 | D:2      | Lost mutation: You are strong-willed. (Will+) [potion of
                  | mutation]
  2533 | D:2      | Lost mutation: You are frail. (-10% HP) [potion of
                  | mutation]
  2533 | D:2      | Gained mutation: Your flesh is cold resistant. (rC+)
                  | [potion of mutation]
  2533 | D:2      | Gained mutation: You possess an exceptional clarity of
                  | mind. [potion of mutation]
  2566 | D:2      | 2566 ||| READING 3 scrolls of identify.
  2566 | D:2      | 2566 ||| IDENTIFYING metallic yellow potion
  2567 | D:2      | 2567 ||| READING 2 scrolls of identify.
  2567 | D:2      | 2567 ||| IDENTIFYING fuming grey potion
  2568 | D:2      | 2568 ||| DROPPING potion of flight.
  2569 | D:2      | 2569 ||| DROPPING potion of brilliance.
  2629 | D:3      | 2629 ||| STAIRDANCE
  2665 | D:3      | Identified the +0 leather armour "Larorij" {*Corrode +Blink
                  | Str-3 Int+10}
  2701 | D:3      | 2701 ||| DROPPING +0 whip.
  2757 | D:3      | 2757 ||| Stepping ~*~*~tactically~*~*~ (stealth).
  2766 | D:3      | 2766 ||| Stepping ~*~*~tactically~*~*~ (stealth).
  2842 | D:3      | 2842 ||| Stepping ~*~*~tactically~*~*~ (hiding).
  2850 | D:3      | 2850 ||| Stepping ~*~*~tactically~*~*~ (hiding).
  2856 | D:3      | Slain by a gnoll

Levels and vault maps discovered:
D:1:      dpeg_arrival_simpleton_b, layout_basic, serial_shops,
          nicolae_shop_trees, chequers_ecumenical_altar_twisty,
          minmay_misc_feat_chi, kennysheep_flooded_box, minmay_crystal_room
D:2:      layout_basic, basic_altar, dk_vineyard_2, uniq_natasha, uniq_robin
D:3:      layout_basic, mainiacjoe_overflow_small_starburst,
          nicolae_qazlal_style_of_elements, chequers_serial_rivers_small_a,
          minmay_joined_circles

Skill      XL: |  1  2  3  4 |
---------------+-------------+-----
Axes           | 4 5 6 |  6.6
Fighting       | 4 |  4.1
Armour         | |  2.4
Dodging        | |  1.1

Action                   |  1- 3 |  4- 6 || total
-------------------------+-------+-------++-------
Melee: Hand axe          |    92 |    84 ||   176
       Punch             |       |     2 ||     2
Throw: Boomerang         |       |     3 ||     3
Invok: Renounce Religion |     1 |       ||     1
  Use: Scroll            |     7 |     4 ||    11
       Potion            |       |     4 ||     4
 Stab: Paralysed         |       |     1 ||     1
Armor: Leather armour    |    18 |       ||    18
       Ring mail         |    11 |    18 ||    29
Dodge: Dodged            |    49 |    29 ||    78
Block: Other             |       |     3 ||     3

Table legend:
 A = Non-vault XP
 B = Vault XP
 C = Vault XP percentage of total XP
 D = Non-vault monster count
 E = Vault monster count
 F = Vault count percentage of total count
                 A         B        C        D         E       F
            +---------+---------+-------+---------+---------+-------
      Total |     219 |      69 |  24.0 |      51 |      12 |  19.0
            +---------+---------+-------+---------+---------+-------
        D:1 |      31 |       0 |   0.0 |      17 |       0 |   0.0
        D:2 |     168 |      69 |  29.1 |      29 |      12 |  29.3
        D:3 |      20 |       0 |   0.0 |       5 |       0 |   0.0
            +---------+---------+-------+---------+---------+-------
